 Dungeon Crawl Stone Soup version 0.30.1 (webtiles) character file.

Game seed: 3478022980743371610

829 booth the Chopper (level 7, 0/54 HPs)
             Began as a Demonspawn Gladiator on July 7, 2023.
             Succumbed to a gnoll sergeant's poison
             ... on level 5 of the Dungeon.
             The game lasted 00:25:14 (3759 turns).

booth the Chopper (Demonspawn Gladiator)            Turns: 3759, Time: 00:25:14

Health: 0/54       AC: 11    Str: 16    XL:     7   Next: 65%
Magic:  7/7        EV: 14    Int:  9    God:
Gold:   202        SH:  0    Dex: 18    Spells: 6/6 levels left

rFire   . . .        a - +0 war axe
rCold   . . .        (no shield)
rNeg    . . .        b - +0 leather armour
rPois   .            g - +1 helmet
rElec   .            s - +0 cloak
rCorr   .            t - +1 pair of gloves {Dex+3}
SInv    .            (no boots)
Will    +....        (no amulet)
Stlth   +            w - ring of willpower
HPRegen 0.29/turn    (no ring)
MPRegen 0.10/turn

%: no passive effects
@: lethally poisoned (0 -> -2)
A: slimy green scales 2, demonic guardian 1, spiny 2
a: no special abilities


You were on level 5 of the Dungeon.
You visited 1 branch of the dungeon, and saw 5 of its levels.

You collected 202 gold pieces.

Inventory:

Hand Weapons
 a - a +0 war axe (weapon)
 v - a +0 mace
Missiles
 c - 3 poisoned darts
 d - 2 throwing nets (quivered)
 e - a javelin
Armour
 b - a +0 leather armour (worn)
 g - a +1 helmet (worn)
 j - a +0 ring mail
 m - a +2 chain mail of poison resistance
 s - a +0 cloak (worn)
 t - a +1 pair of gloves of dexterity (worn)
Jewellery
 w - a ring of willpower (left hand)
Wands
 o - a wand of light (8)
Scrolls
 i - a scroll of blinking {unknown}
 k - a scroll of silence
 l - a scroll of fear {unknown}
 n - a scroll of immolation {unknown}
Potions
 f - a potion of flight
 h - a potion of resistance
 p - a potion of ambrosia {unknown}
 q - 2 potions of haste
 r - a potion of lignification {unknown}
 u - a potion of degeneration {unknown}


   Skills:
 + Level 4.2 Fighting
 * Level 5.7 Axes
 + Level 3.8 Throwing
 + Level 4.4 Dodging


You had 6 spell levels left.
You didn't know any spells.
Your spell library contained the following spells:

 Spells                   Type           Power      Damage    Failure   Level
 Magic Dart               Conj           0%         1d3       45%         1
 Ensorcelled Hibernation  Hex/Ice        0%         N/A       58%         2
 Passwall                 Tmut/Erth      0%         N/A       58%         2
 Searing Ray              Conj           0%         2d4       58%         2
 Swiftness                Air            0%         N/A       83%         3
 Fulminant Prism          Conj/Hex       0%         3d5       99%         4


Dungeon Overview and Level Annotations

Branches:
Dungeon (5/15)             Temple (0/1) D:5

Altars:
Dithmenos
Sif Muna

Shops:
D:1 (


Innate Abilities, Weirdness & Mutations

You are mostly covered in slimy green scales. (AC +3)
A weak demonic guardian rushes to your aid.
You are mostly covered in sharp spines.


Message History

The gnoll sergeant completely misses you.
The gnoll barely misses you. The gnoll closely misses you.
The gnoll sergeant misses you.
You hit the gnoll sergeant but do no damage.
You punch the gnoll sergeant, but do no damage.
The gnoll sergeant is heavily wounded.
You feel very sick.
The gnoll sergeant is struck by your spines.
The gnoll sergeant misses you. The gnoll barely misses you.
You hit the gnoll sergeant.
The gnoll sergeant is heavily wounded.
You feel sick.
The gnoll sergeant is struck by your spines.
The gnoll sergeant hits you with a +3 spear of venom.
The gnoll closely misses you.
You hit the gnoll sergeant but do no damage.
The gnoll sergeant is almost dead.
You feel sick.
The gnoll sergeant hits you with a +3 spear of venom!
You are more poisoned.
You slash the gnoll sergeant!
You kill the gnoll sergeant!
You feel very sick.
You feel very sick.
You hear a distant slurping noise.
You slash the gnoll!
You kill the gnoll!
You feel very sick. The gnoll is struck by your spines.
The gnoll hits you but does no damage.
You slash the gnoll!
You kill the gnoll!
You feel very sick.
The howler monkey hoots and howls with incredible vigour!
You feel sick.
You feel sick.
You hit the howler monkey but do no damage.
You feel sick. The howler monkey hits you.
* * * LOW HITPOINT WARNING * * *
A demonic guardian appears!
You die...

## .. ## ##. .. ... #. #####
#.##+##### #.# #...
##........# #.###.#
..........# ###.....#
..........# #.......#####+##
..........###...@.hgg)......
...........##...5...###.....
......####..#.......# ...
......# ##.........# .
......# ##........# ......#
##.......#
......#######.......#
...................##
################....#


You could see a howler monkey (ally target), 2 gnolls and a friendly shadow imp
(summoned).

Vanquished Creatures
  2 black bears (D:4)
  A gnoll sergeant (D:5)
  A scorpion (D:5)
  3 hounds
  An orc priest (D:4)
  A gnoll bouda (D:4)
  An iguana (D:4)
  Robin (D:4)
  12 gnolls
  9 adders
  An ufetubus (D:4)
  A worm (D:5)
  2 adder skeletons (D:3)
  A dart slug (D:5)
  6 orcs (D:4)
  5 ball pythons
  6 endoplasms
  4 giant cockroaches
  17 goblins
  9 hobgoblins
  8 quokkas
  A ball python skeleton (D:3)
  3 bats
  3 frilled lizards
  10 kobolds
  A quokka skeleton (D:3)
  A quokka zombie (D:3)
  8 rats
119 creatures vanquished.

Vanquished Creatures (collateral kills)
  A gnoll bouda (D:4)
  An orc (D:4)
  A giant cockroach (D:4)
3 creatures vanquished.

Grand Total: 122 creatures vanquished

Notes
Turn   | Place    | Note
-------+----------+-------------------------------------------
     0 | D:1      | booth the Demonspawn Gladiator began the quest for the Orb.
     0 | D:1      | Reached XP level 1. HP: 16/16 MP: 1/1
    93 | D:1      | Gained mutation: You are partially covered in slimy green
                  | scales. (AC +2) [demonic ancestry]
    93 | D:1      | Reached XP level 2. HP: 22/22 MP: 2/2
   132 | D:1      | Reached skill level 3 in Axes
   313 | D:1      | Gained mutation: You are partially covered in sharp spines.
                  | [demonic ancestry]
   313 | D:1      | Reached XP level 3. HP: 28/28 MP: 3/3
   624 | D:1      | Found Lotwoez's Weapon Shoppe.
  1682 | D:3      | Gained mutation: You are mostly covered in sharp spines.
                  | [demonic ancestry]
  1682 | D:3      | Reached XP level 4. HP: 32/34 MP: 4/4
  2083 | D:3      | Found a shimmering blue altar of Sif Muna.
  2334 | D:4      | Gained mutation: A weak demonic guardian rushes to your
                  | aid. [demonic ancestry]
  2334 | D:4      | Reached XP level 5. HP: 34/40 MP: 5/5
  2336 | D:4      | Reached skill level 4 in Axes
  2451 | D:4      | Gained mutation: You are mostly covered in slimy green
                  | scales. (AC +3) [demonic ancestry]
  2451 | D:4      | Reached XP level 6. HP: 17/47 MP: 6/6
  2579 | D:4      | Found a shadowy altar of Dithmenos.
  2721 | D:4      | Reached skill level 5 in Axes
  2721 | D:4      | Reached XP level 7. HP: 26/53 MP: 7/7
  2872 | D:4      | Noticed Robin
  2888 | D:4      | Killed Robin
  3519 | D:5      | Entered Level 5 of the Dungeon
  3608 | D:5      | Found a staircase to the Ecumenical Temple.
  3758 | D:5      | HP: 1/54 [howler monkey (6)]
  3759 | D:5      | Succumbed to a gnoll sergeant's poison

Illustrated notes

Levels and vault maps discovered:
D:1:      mrwooster_arrival_statue, layout_loops_cross, serial_shops, shop,
          minmay_tiny_reverse_x
D:2:      layout_loops_ring
D:3:      layout_loops_ring, mainiacjoe_overflow_paths,
          lemuel_coloured_pillars_altar, serial_undead, serial_undead_c,
          serial_undead_a, serial_undead_d, serial_undead_d,
          minmay_misc_feat_nine_boxes
D:4:      layout_cave_pools, mainiacjoe_overflow_tiny_flanked, st_stairs_10,
          uniq_robin
D:5:      layout_basic, temple_hall, enter_ossuary_1, minmay_fire_ice_demons,
          uniq_sigmund

Skill      XL: |  1  2  3  4  5  6  7 |
---------------+----------------------+-----
Throwing       | 2 3 |  3.8
Axes           | 3 4 5 |  5.7
Dodging        | 3 4 |  4.4
Fighting       | 3 4 |  4.2

Action                     |  1- 3 |  4- 6 |  7- 9 || total
---------------------------+-------+-------+-------++-------
  Melee: War axe           |    93 |    75 |    47 ||   215
         Punch             |       |     1 |     1 ||     2
  Throw: Javelin           |     1 |       |       ||     1
         Throwing net      |     1 |       |       ||     1
         Dart              |     5 |     2 |     3 ||    10
  Evoke: Wand              |       |       |     1 ||     1
    Use: Scroll            |     4 |     2 |     1 ||     7
         Potion            |       |     2 |     1 ||     3
   Stab: Invisible         |       |       |     1 ||     1
 Armour: Leather armour    |    26 |    42 |    12 ||    80
  Dodge: Dodged            |    52 |    66 |    20 ||   138
